 Dungeon Crawl Stone Soup version 0.28-a0-224-g76b539d98b (webtiles) character file.

Game seed: 6747961634258378073

108 theanonym the Chopper (level 4, -1/41 HPs)
             Began as a Minotaur Abyssal Knight on Aug 21, 2021.
             Was a Believer of Lugonu.
             Slain by a gnoll (9 damage)
             ... on level 2 of the Dungeon.
             The game lasted 00:02:13 (2611 turns).

theanonym the Chopper (Minotaur Abyssal Knight)     Turns: 2611, Time: 00:02:13

Health: -1/41      AC:  3    Str: 18    XL:     4   Next: 58%
Magic:  4/4        EV: 11    Int:  9    God:    Lugonu [**....]
Gold:   96         SH:  0    Dex:  9    Spells: 3/3 levels left

rFire   . . .      SeeInvis .   a - +1 hand axe
rCold   . . .      Faith    .   (no shield)
rNeg    . . .      Spirit   .   b - +0 leather armour
rPois   .          Reflect  .   (helmet restricted)
rElec   .          Harm     .   (no cloak)
rCorr   .          Rampage  .   (no gloves)
Will    .....                   (no boots)
Stlth   +.........              (no amulet)
HPRegen 0.13/turn               (no ring)
MPRegen 0.09/turn               (no ring)

@: no status effects
A: horns 2, retaliatory headbutt
a: Renounce Religion, Depart the Abyss, Bend Space


Innate Abilities, Weirdness & Mutations

You have a pair of horns on your head.
You reflexively headbutt those who attack you in melee.


   Skills:
 + Level 4.5 Fighting
 * Level 5.2 Axes
 - Level 2.4 Armour
 - Level 1.1 Dodging
 - Level 1.7 Invocations


You had 3 spell levels left.
You didn't know any spells.
Your spell library contained the following spells:

 Spells                   Type           Power      Damage    Failure   Level
 Animate Skeleton         Necr           0%         N/A       43%         1
 Apportation              Tloc           0%         N/A       43%         1
 Corona                   Hex            0%         N/A       43%         1
 Summon Small Mammal      Summ           0%         N/A       43%         1

Skill      XL: |  1  2  3  4 |
---------------+-------------+-----
Axes           | 3 4 5 |  5.2
Fighting       | 4 |  4.5
Armour         | |  2.4
Dodging        | |  1.1
Invocations    | |  1.7

Action                   |  1- 3 |  4- 6 || total
-------------------------+-------+-------++-------
Melee: Hand axe          |    72 |    18 ||    90
       Headbutt          |    11 |     1 ||    12
Armor: Leather armour    |    24 |     1 ||    25
Dodge: Dodged            |    41 |    14 ||    55

Inventory:

Hand Weapons
 a - a +1 hand axe (weapon)
Armour
 b - a +0 leather armour (worn)
Magical Staves
 h - a staff of cold
Jewellery
 f - a ring of ice
Scrolls
 e - a scroll of identify {unknown}
 k - a scroll of amnesia {unknown}
Potions
 c - a potion of magic {unknown}
 d - 2 potions of flight {unknown}
 g - a potion of heal wounds {unknown}
 i - a potion of lignification {unknown}
 j - a potion of cancellation {unknown}


You were on level 2 of the Dungeon.
You worshipped Lugonu.
Lugonu was pleased with you.
You visited 1 branch of the dungeon, and saw 2 of its levels.
You visited the Abyss 1 time.

You collected 96 gold pieces.

Dungeon Overview and Level Annotations

Branches:
Dungeon (2/15)

Altars:
Kikubaaqudgha

.######.#..#..###..#.#..##.#.....
.................................
.######.......#..................
.................................
.#####.#...#..#..................
..............#.##.#.#..##.#.....
.................................
.#####...........................
.# ####..#....@g...............
.#*** #..#..#^.#...............
..,,* #..#..#..#,.##..,*,*,*,,,
.#*,* #..#.......,..,,,*,*,*,,,
.**,****#..#..#.....*#.,,*,*,*,,,
,,,,,,,,...#..#.....#*,.,,,<,,,,,
,**,****#..#........#*,,,*,*,**,,
,**,* #..##.#.....#*(,,*,*,**,,
,,,,*****,,*,,,,,,,,**,,,,,*,**,,


You could see a gnoll.

Notes
Turn   | Place    | Note
-------+----------+-------------------------------------------
     0 | Abyss:1  | theanonym the Minotaur Abyssal Knight began the quest for
                  | the Orb.
     0 | Abyss:1  | Reached XP level 1. HP: 19/19 MP: 1/1
     5 | Abyss:1  | Found an ornate altar of the Wu Jian Council.
     9 | D:1      | Escaped the Abyss
   110 | D:1      | Reached skill level 3 in Axes
   226 | D:1      | Reached XP level 2. HP: 27/27 MP: 2/2
   292 | D:1      | Found a faded altar of an unknown god.
   293 | D:1      | Noticed a floating eye
   360 | D:1      | Noticed a great orb of eyes
   360 | D:1      | Noticed a shining eye
   360 | D:1      | Noticed a floating eye
   398 | D:1      | Reached ** piety under Lugonu
   696 | D:2      | Reached skill level 4 in Axes
   722 | D:2      | Reached XP level 3. HP: 32/33 MP: 3/3
   728 | D:2      | Found an ancient bone altar of Kikubaaqudgha.
   736 | D:2      | Reached skill level 4 in Fighting
  1200 | D:2      | HP: 16/33 [acid (3)]
  1200 | D:2      | HP: 6/33 [acid (8)]
  1202 | D:2      | Reached XP level 4. HP: 8/41 MP: 4/4
  1442 | D:2      | HP: 20/41 [gnoll (6)]
  1443 | D:2      | HP: 8/41 [gnoll (6)]
  1444 | D:2      | HP: 2/41 [gnoll (4)]
  1458 | D:1      | Reached skill level 5 in Axes
  2608 | D:2      | HP: 20/41 [gnoll (12)]
  2610 | D:2      | HP: 8/41 [gnoll (10)]
  2611 | D:2      | Slain by a gnoll

Vanquished Creatures
  A jelly (D:2)
  2 gnolls (D:1)
  2 adders (D:2)
  2 bats
  8 endoplasms
  A giant cockroach (D:2)
  2 goblins
  4 hobgoblins
  2 jackals (D:2)
  2 quokkas (D:1)
  3 ball pythons
  2 frilled lizards
  6 kobolds
  6 rats
43 creatures vanquished.

Table legend: (Time is in decaauts)
 A = Elapsed time spent in this place.
 B = Non-inter-level travel time spent in this place.
 C = Inter-level travel time spent in this place.
 D = Time resting spent in this place.
 E = Time spent auto-exploring this place.
 F = Levels seen in this place.
 G = Mean time per level.
                   A        B        C        D        E       F      G
               +--------+--------+--------+--------+--------+-----+--------+
         Total |   2621 |   2556 |     65 |    703 |   1556 |   3 |  873.7 |
       Dungeon |   2612 |   2547 |     65 |    703 |   1556 |   2 | 1306.0 |
         Abyss |      9 |      9 |      0 |      0 |      0 |   1 |    9.0 |
               +--------+--------+--------+--------+--------+-----+--------+

Top non-repeatable levels by time:
     D:2: 1512 daAuts
     D:1: 1100 daAuts
 Abyss:1: 9 daAuts
